 Dungeon Crawl Stone Soup version 0.31.0-9-g3a7656b989 (webtiles) character file.

Game seed: 5857544814467271686

510 Conn the Sneak (level 7, -1/41 HPs)
             Began as an Octopode Fire Elementalist on Jan 27, 2024.
             Succumbed to their own poison gas
             ... on level 5 of the Dungeon.
             The game lasted 00:08:31 (4423 turns).

Conn the Sneak (Octopode Fire Elementalist)         Turns: 4423, Time: 00:08:32

Health: -1/41      AC:  1    Str:  7    XL:     7   Next: 19%
Magic:  0/11       EV: 13    Int: 19    God:
Gold:   298        SH:  4    Dex: 13    Spells: 6/12 levels left

rFire   . . .        a - +3 dagger (elec)
rCold   . . .        p - +0 buckler
rNeg    . . .        (helmet restricted)
rPois   .            v - amulet of guardian spirit
rElec   .            j - ring of flight
rCorr   .            (no ring)
SInv    .            (no ring)
Will    .....        (no ring)
Stlth   ++++         (no ring)
HPRegen 0.26/turn    (no ring)
MPRegen 0.12/turn    (no ring)
                     (no ring)

%: guardian spirit
@: lethally poisoned (-1 -> -14), weak-willed, flying
A: almost no armour, amphibious, 8 rings, camouflage 1, gelatinous body 1,
(nimble swimmer 1), tentacles
a: no special abilities


You were on level 5 of the Dungeon.
You visited 1 branch of the dungeon, and saw 5 of its levels.

You collected 298 gold pieces.

Inventory:

Hand Weapons
 a - a +3 dagger of electrocution (weapon)
Missiles
 s - 11 poisoned darts
Armour
 p - a +0 buckler (worn)
Magical Staves
 d - a staff of cold
Jewellery
 j - a ring of flight (left tentacle)
 v - an amulet of guardian spirit (around mantle)
Wands
 w - a wand of flame (40)
Scrolls
 b - 2 scrolls of amnesia
 e - 2 scrolls of poison
 n - 5 scrolls of immolation
 o - 3 scrolls of identify
 r - 2 scrolls of teleportation {unknown}
 u - a scroll of noise {unknown}
 x - a scroll of fear {unknown}
Potions
 c - 4 potions of curing
 f - 2 potions of invisibility {unknown}
 g - a potion of brilliance {unknown}
 h - 4 potions of might {unknown}
 i - 2 potions of ambrosia {unknown}
 l - a potion of heal wounds {unknown}
 m - 4 potions of mutation {unknown}
 t - a potion of haste {unknown}


   Skills:
 + Level 3.4 Dodging
 + Level 5.2 Stealth
 * Level 2.7 Shields
 + Level 3.2 Spellcasting
 + Level 2.9 Conjurations
 + Level 4.2 Fire Magic


You had 6 spell levels left.
You knew the following spells:

 Your Spells              Type           Power      Damage    Failure   Level
a - Foxfire               Conj/Fire      64%        2x1d7     5%          1
b - Scorch                Fire           38%        2d6       6%          2
c - Inner Flame           Hex/Fire       11%        N/A       30%         3

Your spell library contained the following spells:

 Spells                   Type           Power      Damage    Failure   Level
 Necrotise                Necr           12%        1d4       24%         1
 Volatile Blastmotes      Fire/Tloc      22%        2d11      30%         3
 Flame Wave               Conj/Fire      16%        2d7       50%         4
 Vampiric Draining        Necr           3%         2d6       58%         3
 Martyr's Knell           Necr/Summ      3%         N/A       94%         4
 Curse of Agony           Necr           3%         N/A       100%        5


Dungeon Overview and Level Annotations

Branches:
Dungeon (5/15)
 Temple: D:4-7

Altars:
Kikubaaqudgha

Shops:
D:1 [


Innate Abilities, Weirdness & Mutations

You cannot wear most types of armour.
You are amphibious.
You can wear up to eight rings at the same time.
Your skin changes colour to match your surroundings (Stealth+).
Your rubbery body absorbs attacks. (AC +1, EV +1)
((You are camouflaged when in or above water. (Stealth+)))
You have tentacles for arms and can constrict up to eight enemies at once.


Message History

As you read the scroll labelled BEJECLOARY, it crumbles to dust.
It is a scroll of amnesia.
Okay, then.
You constrict the kobold brigand.
The iguana hisses angrily.
The kobold hits you with a +0 dagger.
The kobold brigand hits you with a +0 club.
The kobold misses you. The kobold hits you with a +0 whip.
The air fills with toxic fumes!
As you read the scroll labelled UTISHR FEHI, it crumbles to dust.
It was a scroll of poison.
You constrict the kobold brigand.
The kobold brigand hits you with a +0 club.
The kobold barely misses you. The kobold hits you with a +0 dagger.
You block the kobold's attack.
As you read the scroll labelled ZIR HIWEQASU, it crumbles to dust.
It is a scroll of identify.
n - 5 scrolls of immolation You constrict the kobold brigand, but do no damage.
The kobold shouts!
You block the kobold's attack.
The kobold brigand hits you with a +0 club.
The kobold hits you with a +0 whip.
* * * LOW HITPOINT WARNING * * *
The kobold closely misses you.
As you read the scroll labelled QYN KITAUTHIMUCWIU, it crumbles to dust.
A wave of despondency washes over your surroundings.
It was a scroll of vulnerability.
You constrict the kobold brigand. The kobold hits you but does no damage.
The kobold brigand hits you with a +0 club.
* * * LOW HITPOINT WARNING * * *
You block the kobold's attack. The kobold hits you with a +0 whip.
* * * LOW HITPOINT WARNING * * *
Blink to where?
Press: ? - help, Dir - move target You lose your grip on something.
Found a stone staircase leading down.
As you read the scroll labelled VIJAUS BIEMEI, it crumbles to dust.
It was a scroll of blinking.
You are engulfed in poison gas.
You are lethally poisoned!
* * * LOW HITPOINT WARNING * * *
You die...

##§§KK#
##§§§K§#
.§§§§§§K## .
.§KKK§§§# ..
##l§§§§§#
#..#§§#§§§§#
#...§.#§§###
......§§§#
#.§§@#
#....#
#...##...
#.. ..... .
#...>#.
#.......
...... ..
...##... ##


You could see 4 kobolds.

Vanquished Creatures
  Sigmund (D:3)
  A hound (D:4)
  An orc priest (D:3)
  2 iguanas
  Robin (D:3)
  11 adders
  A gnoll (D:4)
  A white imp (D:4)
  2 dart slugs
  5 ribbon worms
  7 orcs (D:3)
  4 ball pythons
  7 endoplasms
  A giant cockroach (D:1)
  8 hobgoblins
  8 kobolds
  A quokka (D:2)
  9 bats
  3 frilled lizards
  14 goblins
  3 rats
91 creatures vanquished.

Vanquished Creatures (others)
  232 foxfires
232 creatures vanquished.

Grand Total: 323 creatures vanquished

Notes
Turn   | Place    | Note
-------+----------+-------------------------------------------
     0 | D:1      | Conn the Octopode Fire Elementalist began the quest for the
                  | Orb.
     0 | D:1      | Reached XP level 1. HP: 11/11 MP: 3/3
   311 | D:1      | Found Louwutyo's Antique Armour Shoppe.
   612 | D:1      | Reached XP level 2. HP: 17/17 MP: 1/5
   705 | D:1      | Reached skill level 3 in Stealth
  1145 | D:2      | Reached XP level 3. HP: 21/21 MP: 1/6
  1224 | D:1      | Learned a level 2 spell: Scorch
  1228 | D:1      | Learned a level 3 spell: Inner Flame
  1418 | D:2      | Found a faded altar of an unknown god.
  1431 | D:2      | Reached XP level 4. HP: 27/27 MP: 3/7
  1781 | D:2      | Found an ancient bone altar of Kikubaaqudgha.
  2325 | D:3      | Noticed Robin
  2335 | D:3      | Killed Robin
  2515 | D:3      | Reached XP level 5. HP: 31/31 MP: 9/9
  2583 | D:3      | Noticed Sigmund
  2591 | D:3      | Killed Sigmund
  2592 | D:3      | Reached skill level 4 in Stealth
  2592 | D:3      | Reached skill level 1 in Shields
  2592 | D:3      | Reached XP level 6. HP: 36/36 MP: 7/10
  3749 | D:4      | Reached skill level 5 in Stealth
  3817 | D:4      | Reached XP level 7. HP: 41/41 MP: 11/11
  4361 | D:5      | Entered Level 5 of the Dungeon
  4423 | D:5      | HP: 1/41 [cloud of poison gas (8)]
  4423 | D:5      | Succumbed to their own poison gas

Illustrated notes

Levels and vault maps discovered:
D:1:      eino_arrival_water_star, layout_basic, serial_shops, shop_statue
D:2:      layout_basic, basic_altar, shapermc_ecumenical_altar_gd
D:3:      kb_forest_paths, layout_basic, corexii_hall_statues_u,
          grunt_decor_cap, hex_tiny, uniq_sigmund, uniq_robin
D:4:      layout_layer_cave
D:5:      layout_cave_pools, minitemple, minmay_temple_entry_stoned_glass,
          sigmund_army

Skill      XL: |  1  2  3  4  5  6 |
---------------+-------------------+-----
Stealth        | 3 4 5 |  5.2
Conjurations   | 2 |  2.9
Dodging        | 3 |  3.4
Shields        | 1 2 |  2.7
Spellcasting   | 3 |  3.2
Fire Magic     | 4 |  4.2

Action                     |  1- 3 |  4- 6 |  7- 9 || total
---------------------------+-------+-------+-------++-------
  Melee: Staff             |     2 |     5 |       ||     7
         Dagger            |       |    38 |     8 ||    46
         Constrict         |       |    12 |     3 ||    15
         Tentacles         |       |     8 |     1 ||     9
         Punch             |       |     1 |       ||     1
   Cast: Foxfire           |    39 |    87 |     9 ||   135
         Scorch            |     2 |    11 |     8 ||    21
    Use: Potion            |       |     1 |     1 ||     2
         Scroll            |       |       |     5 ||     5
   Stab: Sleeping          |       |    10 |     1 ||    11
 Armour: Skin              |     6 |    23 |    16 ||    45
  Dodge: Dodged            |    14 |    24 |    12 ||    50
  Block: Buckler           |       |    10 |     4 ||    14
